Cogmind - Beta 16 @@@ ROGUE MODE // 2025.11.09 @ 15:13:01 Player: chuck Result: Self-destructed Performance ------------- Evolutions (2) 1000 Regions Visited (5) 1000 Robots Destroyed (33) 165 Value Destroyed (645) 645 Prototype IDs (0) 0 Alien Tech Used (0) 0 Bonus (0) 0 TOTAL SCORE: 2810 Bonus ------- None Cogmind --------- Core Integrity 249/550 Matter 104/300 Energy 91/100 System Corruption 0% Temperature Cool (0) Movement Core (250) Ox4 Location -8/Materials Parts ------- > --- POWER (2) -------- (None) > --- PROPULSION (3) --- (None) > --- UTILITY (3) ------ Medium Storage Unit > --- WEAPON (3) ------- Beam Rifle > --- INVENTORY (10) --- Nuclear Core Aluminum Leg Aluminum Leg VTOL Module Heat Sink Small Laser Peak State ------------ > --- POWER ------------ Light Ion Engine Nuclear Core > --- PROPULSION ------- Aluminum Leg Aluminum Leg Airjet > --- UTILITY ---------- Heat Sink Small Storage Unit Targeting Computer > --- WEAPON ----------- Beam Rifle Light Assault Rifle Rocket Launcher > --- INVENTORY -------- VTOL Module Heat Sink Small Laser Beam Rifle Light Assault Rifle [Rating: 17] Favorites ----------- Power Light Ion Engine Engine Light Ion Engine Power Core Nuclear Core Propulsion Aluminum Leg Leg Aluminum Leg Hover Unit Airjet Flight Unit VTOL Module Utility Targeting Computer Device Heat Sink Storage Small Storage Unit Processor Targeting Computer Weapon Light Assault Rifle Energy Gun Beam Rifle Energy Cannon Light EM Pulse Cannon Ballistic Gun Light Assault Rifle Launcher Rocket Launcher Build | -11 -10 -10 -9 -9 -8 ------- Run | Yrd Mat Min Mat Min Mat Slots Evolved 4 | . . . 2 . 2 Power 1 | . . . 1 . . Propulsion 1 | . . . . . 1 Utility 1 | . . . . . 1 Weapon 1 | . . . 1 . . Parts Attached 30 | 6 10 2 2 . 10 Power 6 | 1 2 1 . . 2 Engine 5 | 1 2 1 . . 1 Core 1 | . . . . . 1 Reactor . | . . . . . . Propulsion 7 | 2 2 . . . 3 Treads . | . . . . . . Leg 5 | 2 2 . . . 1 Wheel . | . . . . . . Hover 1 | . . . . . 1 Flight 1 | . . . . . 1 Utility 5 | 1 2 . . . 2 Device 2 | . 1 . . . 1 Storage 2 | 1 . . . . 1 Processor 1 | . 1 . . . . Hackware . | . . . . . . Protection . | . . . . . . Artifact . | . . . . . . Weapon 12 | 2 4 1 2 . 3 Energy Gun 5 | 1 1 . 1 . 2 Energy Cannon 1 | . 1 . . . . Ballistic Gun 5 | 1 2 1 . . 1 Ballistic Cannon . | . . . . . . Launcher 1 | . . . 1 . . Special Weapon . | . . . . . . Impact Weapon . | . . . . . . Slashing Weapon . | . . . . . . Piercing Weapon . | . . . . . . Special Melee Weapon . | . . . . . . Unidentified Prototypes . | . . . . . . Parts Lost 16 | . 6 . . . 10 Power 3 | . 1 . . . 2 Propulsion 4 | . 2 . . . 2 Utility 1 | . . . . . 1 Weapon 8 | . 3 . . . 5 Highest Loss Streak 6 | . 6 . . . 4 To Critical Strikes . | . . . . . . Average Backups 5 | 2 5 5 4 5 6 Power . | . 1 . . . . Propulsion 1 | 1 1 . . . 2 Utility 1 | . . 2 2 2 1 Weapon 2 | . 2 3 2 3 2 Tool/Special . | . . . . . . Unused Backups 4 | . 3 1 . . . Power 1 | . 1 . . . . Propulsion 2 | . 2 . . . . Utility . | . . . . . . Weapon 1 | . . 1 . . . Tool/Special . | . . . . . . Average Slot Usage (%) 79 | . 75 99 88 88 57 Engine 10 | . 12 14 11 11 4 Core 1 | . . . . . 4 Leg 17 | . 22 28 22 22 2 Hover 1 | . . . . . 5 Device 7 | . 2 14 11 11 1 Storage 5 | . 13 . . . 9 Processor 9 | . . 14 11 11 8 Energy Gun 10 | . 6 14 11 11 8 Ballistic Gun 11 | . 12 13 11 11 8 Launcher 3 | . . . 11 11 4 Peak Build Rating 17 | 6 8 8 10 9 17 Average Rating 8 | 3 5 7 9 9 10 On Entrance 6 | . 6 8 8 9 9 Avg Prop Armor Cover (%) . | . . . . . . Naked Turns . | . . . . . . Heaviest Build 28 | 12 16 10 12 10 28 Greatest Support 20 | 20 20 20 20 20 20 Greatest Overweight (x) 5 | . 4 . . . 5 Average Overweight (x) . | . . . . . 2 Largest Inventory Capacity 10 | 8 8 5 5 5 10 Average Capacity 6 | 6 7 5 5 5 9 Most Carried 9 | 5 8 5 5 5 9 Average Carried 5 | 3 6 4 4 5 6 Final Capacity 10 | 8 5 5 5 5 10 Final Carried 6 | 4 5 5 5 5 6 Class Distribution -------------------- 39% | Mutant 31% | Scavenger-Mutant 21% | Scavenger-Gunner 7% | Gunner Dominant Class ---------------- Mutant | -10/Materials Scavenger-Mutant | -10/Mines Scavenger-Gunner | -9/Materials Scavenger-Gunner | -9/Mines Mutant | -8/Materials Resources | -11 -10 -10 -9 -9 -8 ----------- Run | Yrd Mat Min Mat Min Mat Matter Collected 598 | 203 214 38 43 15 85 Remotely . | . . . . . . Salvage Created 709 | . 219 69 82 22 317 Parts 60 | . 14 5 5 5 31 Haulers Intercepted 1 | . 1 . . . . Recyclers Shooed . | . . . . . . Parts Field Recycled . | . . . . . . Retrieved Matter . | . . . . . . Parts Self-Destructed . | . . . . . . Prevented . | . . . . . . Parts Restored . | . . . . . . Kills | -11 -10 -10 -9 -9 -8 ------- Run | Yrd Mat Min Mat Min Mat Combat Hostiles Destroyed 28 | . 6 2 2 3 15 Guns 20 | . 5 2 2 2 9 Cannons 1 | . 1 . . . . AOE 7 | . . . . 1 6 Classes Destroyed 8 | . 3 1 1 . 3 Worker 2 | . . . . . 2 Builder 1 | . . . . . 1 Tunneler 1 | . . 1 . . . Hauler 1 | . 1 . . . . Swarmer 19 | . 3 2 . 3 11 Grunt 5 | . 3 . . . 2 Sentry 3 | . . . 2 . 1 Hunter 1 | . . . . . 1 Best Kill Streak 9 | . 5 3 1 3 9 Combat Bots Only 7 | . 4 2 1 3 7 Max Kills in Single Turn 4 | . 1 1 1 2 4 Gunslinging . | . . . . . . Exploded 2 | . . . . 1 2 Melee . | . . . . . . Uniques/NPCs Destroyed . | . . . . . . Combat | -11 -10 -10 -9 -9 -8 -------- Run | Yrd Mat Min Mat Min Mat Hostile Shots Fired 260 | . 97 16 6 9 132 Missed 75 | . 29 6 2 2 36 Hits 185 | . 68 10 4 7 96 Projectile 185 | . 68 10 4 7 96 Critical Strikes 3 | . 2 1 . . . Damage Taken 1946 | . 694 79 63 138 972 Core 438 | . 99 14 17 7 301 Absorbed by Shields . | . . . . . . Core Remaining (%) 82 | 100 . 54 . 94 . Volleys Fired 80 | . 35 8 5 3 29 Largest 3 | . 2 2 3 3 3 Hottest 126 | . 76 76 109 93 126 Shots Fired 149 | . 49 16 13 9 62 Gun 120 | . 35 16 10 6 53 Cannon 14 | . 14 . . . . Launcher 15 | . . . 3 3 9 Special . | . . . . . . Kinetic 69 | . 27 8 5 3 26 Thermal 40 | . . 8 5 3 24 Explosive 15 | . . . 3 3 9 Electromagnetic 25 | . 22 . . . 3 Robot Hit Streak 8 | . 5 7 3 1 8 Robot Miss Streak 5 | . 4 4 1 1 5 Penetration Max . | . . . . . . Secondary Targets 2 | . . 1 . . 1 Max Gunslinging Chain 1 | . . 1 . . 1 Shots Hit Robots 76 | . 26 8 6 3 33 Core Hits 55 | . 11 4 6 3 31 Critical Kills . | . . . . . . Critical Parts Destroyed . | . . . . . . Critical Strikes 3 | . 1 1 . . 1 Burn 2 | . . 1 . . 1 Corrupt 1 | . 1 . . . . Melee Attacks . | . . . . . . Impact . | . . . . . . Slashing . | . . . . . . Piercing . | . . . . . . Sneak Attacks . | . . . . . . Combat Hostiles . | . . . . . . Follow-up Attacks . | . . . . . . Damage Inflicted 1767 | . 421 102 137 128 979 Guns 802 | . 252 101 55 27 367 Cannons 169 | . 169 . . . . Explosions 795 | . . . 82 101 612 Melee . | . . . . . . Ramming 1 | . . 1 . . . Kinetic 378 | . 169 29 26 16 138 Thermal 447 | . . 72 29 11 335 Explosive 634 | . . . 82 101 451 Electromagnetic 307 | . 252 . . . 55 Impact . | . . . . . . Slashing . | . . . . . . Piercing . | . . . . . . Highest Corruption . | . . . . . . Average Corruption . | . . . . . . Corruption Purged . | . . . . . . Corruption Blocked . | . . . . . . Overload Shots . | . . . . . . Overflow Damage 13 | . 8 . . 5 . Projectiles 8 | . 8 . . . . Explosions 5 | . . . . 5 . Melee . | . . . . . . Knockbacks . | . . . . . . Impact . | . . . . . . Kinetic . | . . . . . . Secondary . | . . . . . . Self-Inflicted Damage 154 | . . . . 87 67 Shots 4 | . . . . 2 2 Rammed . | . . . . . . Targets Rammed 1 | . . 1 . . . Kicked 1 | . . 1 . . . Crushed . | . . . . . . Highest Temperature 208 | . 189 32 37 . 208 Average Temperature 63 | . 61 13 16 . 82 Received Heat Transfer 351 | . 288 . 18 . 45 Siege Activations . | . . . . . . Martial Activations . | . . . . . . Shielding Activations . | . . . . . . Robots Disrupted . | . . . . . . Combat Hostiles . | . . . . . . Robots Corrupted . | . . . . . . Combat Hostiles . | . . . . . . Parts Fried 3 | . 3 . . . . Impact Corruptions . | . . . . . . Robots Melted . | . . . . . . Combat Hostiles . | . . . . . . Parts Melted . | . . . . . . Heat Transferred 1026 | . . 259 74 25 668 Parts Sabotaged . | . . . . . . Parts Stolen . | . . . . . . Parts Stripped . | . . . . . . Power Chain Reactions 1 | . . . . . 1 Alert | -11 -10 -10 -9 -9 -8 ------- Run | Yrd Mat Min Mat Min Mat Maximum Alert Level 1 | . . . . . 1 Low Security (%) 88 | 100 100 100 100 100 63 Level 1 11 | . . . . . 36 Level 2 . | . . . . . . Level 3 . | . . . . . . Level 4 . | . . . . . . Level 5 . | . . . . . . High Security . | . . . . . . Max Security . | . . . . . . Peak Influence 254 | . 58 45 71 91 254 Initial 23 | . . 6 . 23 7 Average 51 | . 20 4 36 27 129 Influence Increases 861 | . 168 45 91 91 466 Destroy 0b10 Robot/C 560 | . 120 40 40 60 300 Destroy 0b10 Robot/NC 25 | . 5 5 . . 15 Destroy Leader 122 | . 42 . 20 10 50 Disable Machine 60 | . . . 15 . 45 Destroy Structure 79 | . 1 . 16 21 41 Lose Combat Pursuer 15 | . . . . . 15 Influence Decreases 671 | . 150 63 30 131 297 Entered New Map 64 | . . 12 . 38 14 Time Decay 447 | . 90 51 30 93 183 Lost Part 160 | . 60 . . . 100 Squads Dispatched 4 | . 1 . 1 . 2 Investigation 1 | . . . . . 1 Extermination . | . . . . . . Reinforcement 3 | . 1 . 1 . 1 Assault . | . . . . . . Garrison . | . . . . . . Intercept . | . . . . . . Searches Triggered . | . . . . . . Construction Impeded . | . . . . . . Haulers Reinforced . | . . . . . . Active Scanning Responses . | . . . . . . Cargo Convoy Interrupts . | . . . . . . Stealth | -11 -10 -10 -9 -9 -8 --------- Run | Yrd Mat Min Mat Min Mat Distress Signals 6 | . 2 . 1 . 3 Communications Jammed . | . . . . . . Distress Signals . | . . . . . . Times Spotted 41 | . 13 2 3 3 20 Peak Tracking Total 7 | . 7 2 3 3 6 Tactical Retreats 1 | . . . . . 1 Traps | -11 -10 -10 -9 -9 -8 ------- Run | Yrd Mat Min Mat Min Mat Traps Triggered 1 | . . . . . 1 Indirectly . | . . . . . . Trap Hack Attempts . | . . . . . . Triggered . | . . . . . . Disarmed . | . . . . . . Reprogrammed . | . . . . . . Reused . | . . . . . . Traps Extracted . | . . . . . . Installed . | . . . . . . Triggered . | . . . . . . Machines | -11 -10 -10 -9 -9 -8 ---------- Run | Yrd Mat Min Mat Min Mat Machines Disabled 4 | . . . 1 . 3 Max in Single Turn 1 | . . . 1 . 1 Machines Repaired . | . . . . . . Machines Dismantled . | . . . . . . Machines Sabotaged . | . . . . . . Overloaded Fab Kills . | . . . . . . Hacking | -11 -10 -10 -9 -9 -8 --------- Run | Yrd Mat Min Mat Min Mat Machines Accessed 1 | . . . . . 1 Terminals 1 | . . . . . 1 Fabricators . | . . . . . . Repair Stations . | . . . . . . Recycling Units . | . . . . . . Scanalyzers . | . . . . . . Garrison Access . | . . . . . . Total Hacks 1 | . . . . . 1 Successful 1 | . . . . . 1 Failed . | . . . . . . Catastrophic . | . . . . . . Database Lockouts . | . . . . . . Manual . | . . . . . . Terminals 1 | . . . . . 1 Fabricators . | . . . . . . Repair Stations . | . . . . . . Recycling Units . | . . . . . . Scanalyzers . | . . . . . . Garrison Access . | . . . . . . Terminal Hacks 1 | . . . . . 1 Record 1 | . . . . . 1 Fabricator Hacks . | . . . . . . Repair Station Hacks . | . . . . . . Recycling Unit Hacks . | . . . . . . Scanalyzer . | . . . . . . Garrison Access Hacks . | . . . . . . Unauthorized Hacks . | . . . . . . Terminals . | . . . . . . Fabricators . | . . . . . . Repair Stations . | . . . . . . Recycling Units . | . . . . . . Scanalyzers . | . . . . . . Garrison Access . | . . . . . . Data Cores Recovered . | . . . . . . Used . | . . . . . . Hacking Detections 1 | . . . . . 1 Full Trace Events . | . . . . . . Feedback Events . | . . . . . . Feedback Blocked . | . . . . . . Robot Schematics Acquired . | . . . . . . Robots Built . | . . . . . . Authchips . | . . . . . . Time . | . . . . . . Total Robot Build Rating . | . . . . . . Part Schematics Acquired . | . . . . . . Parts Built . | . . . . . . Authchips . | . . . . . . Time . | . . . . . . Total Part Build Rating . | . . . . . . Part Studies Acquired . | . . . . . . Parts Repaired . | . . . . . . Time . | . . . . . . Parts Recycled . | . . . . . . Recycled Matter . | . . . . . . Retrieved Matter . | . . . . . . Retrieved Components . | . . . . . . Parts Scanalyzed . | . . . . . . Part Schematics Acquired . | . . . . . . Parts Damaged . | . . . . . . Bothacking | -11 -10 -10 -9 -9 -8 ------------ Run | Yrd Mat Min Mat Min Mat Used RIF Installer . | . . . . . . Robots Hacked . | . . . . . . Non-combat . | . . . . . . Combat . | . . . . . . Robot Hacks Applied . | . . . . . . Relay Couplers Released . | . . . . . . Fabnet Peak Effective % . | . . . . . . Robots Rewired . | . . . . . . Allies Hacked . | . . . . . . Hacks Repelled . | . . . . . . Allies | -11 -10 -10 -9 -9 -8 -------- Run | Yrd Mat Min Mat Min Mat Total Allies . | . . . . . . Largest Group . | . . . . . . Highest-Rated Group . | . . . . . . Highest-Rated Ally . | . . . . . . Total Orders . | . . . . . . Ally Attacks . | . . . . . . Total Damage . | . . . . . . Kills . | . . . . . . Allies Corrupted . | . . . . . . Allies Melted . | . . . . . . Intel | -11 -10 -10 -9 -9 -8 ------- Run | Yrd Mat Min Mat Min Mat Active Infowar (turns) . | . . . . . . Robot Analysis Total . | . . . . . . Derelict Logs Recovered 2 | . . 1 . 1 . Drone Launches . | . . . . . . Drone Recoveries . | . . . . . . Exploration | -11 -10 -10 -9 -9 -8 ------------- Run | Yrd Mat Min Mat Min Mat Turns Passed 1705 | 71 284 443 96 286 525 Spaces Moved 1027 | 49 141 340 59 231 207 Core 40 | 4 14 . . . 22 Treads . | . . . . . . Legs 836 | 45 127 340 59 231 34 Wheels . | . . . . . . Hover 151 | . . . . . 151 Flight . | . . . . . . Fastest Speed 50 | 50 100 120 120 120 120 Average Speed 133 | 114 121 120 120 120 187 Slowest Speed 300 | 120 250 120 120 120 300 Overloaded Moves . | . . . . . . Propulsion Burnouts . | . . . . . . Robots Hopped . | . . . . . . Potential Cave-ins . | . . . . . . Cave-ins Triggered . | . . . . . . Exploration Rate (%) 27 | 3 29 52 12 51 18 Regions Visited 5 Branch Regions 2 Pre-discovered Areas 2 | . . . . 2 . Known Exits Taken 1 | . . 1 . . . Unknown Exits Taken 4 | 1 1 . 1 1 . Scrap Searched 1 | . . . . 1 . Spaces Dug . | . . . . . . Terrain Destroyed 109 | . . . 22 31 56 Melee . | . . . . . . Projectile . | . . . . . . AOE 109 | . . . 22 31 56 Terrain Rammed . | . . . . . . Walls Destroyed . | . . . . . . Machines Disabled . | . . . . . . Actions | -11 -10 -10 -9 -9 -8 --------- Run | Yrd Mat Min Mat Min Mat Total 1233 | 64 205 361 75 233 295 Wait 41 | . . 7 8 . 26 Move 1022 | 48 140 339 58 230 207 Hop . | . . . . . . Pick Up 32 | 10 13 1 1 . 7 Fast Attach 2 | . . 2 . . . Attach 28 | 6 8 . 2 . 12 Detach 8 | . . . 1 . 7 Swap 9 | . 4 . . . 5 Drop 10 | . 5 3 . . 2 Fire 80 | . 35 8 5 3 29 Melee . | . . . . . . Ram . | . . . . . . Kick 1 | . . 1 . . . Crush . | . . . . . . Escape Stasis . | . . . . . . Rewire . | . . . . . . Trap . | . . . . . . Miscellaneous . | . . . . . . Route ------- -11/Scrapyard -10/Materials -10/Mines (discovered 2 exits: *Mat / [*Exi]) -9/Materials -9/Mines -8/Materials (discovered 1 exit: [*Sto]) History --------- Turn | Location | Event 4 | -11/Scrapyard | Discovered new exit (range 16) 72 | -11/Scrapyard | Entered Materials 208 | -10/Materials | Discovered new exit (range 11) 309 | -10/Materials | Lost 6 parts (1p2n3w) 356 | -10/Materials | Entered Mines 504 | -10/Mines | Identified exit to Materials 564 | -10/Mines | Build established: Scavenger-Mutant 638 | -10/Mines | Deemed a non-threat by the Exiles lab entrance 638 | -10/Mines | Discovered new exit (range 5) 793 | -10/Mines | Received a Rocket Launcher from a helpful Derelict 799 | -10/Mines | Entered Materials 799 | -9/Materials | Evolved 2 slots: Power x1, Weapon x1 864 | -9/Materials | Discovered new exit (range 16) 895 | -9/Materials | Entered Mines 910 | -9/Mines | Learned location of Recycling (-8) 1078 | -9/Mines | Learned location of Storage (-8) 1107 | -9/Mines | Build established: Scavenger-Gunner 1115 | -9/Mines | Discovered new exit (range 15) 1181 | -9/Mines | Entered Materials 1181 | -8/Materials | Evolved 2 slots: Propulsion x1, Utility x1 1187 | -8/Materials | Discovered new exit (range 11) 1444 | -8/Materials | Destroyed 7 combat bots 1596 | -8/Materials | Lost 4 parts (1p1n2w) 1702 | -8/Materials | Core integrity fell below 50% 1706 | -8/Materials | Self-destructed Last Messages --------------- 01681_ K-01 Serf collects debris. 01682_ Recycling unit begins recycling process. 01683_ Penetrated by Slug. 01686_ Slug penetrates Wall. 01687_ K-01 Serf collects debris. 01692_ Slug penetrates Wall. 01693_ K-01 Serf collects debris. 01695_ Slug penetrates Wall. 01696_ K-01 Serf collects debris. 01697_ R-06 Scavenger inserts Lgt. Ion Engine into recycling unit. 01698_ Lgt. Assault Rifle destroyed. 01698_ Targeting Computer destroyed. 01699_ K-01 Serf collects debris. 01700_ R-06 Scavenger inserts Lgt. Ion Engine into recycling unit. 01701_ Recycling unit begins recycling process. 01701_ Penetrated by Slug. 01702_ K-01 Serf collects debris. 01703_ R-06 Scavenger inserts Lgt. Treads into recycling unit. 01704_ Aluminum Leg destroyed. 01706_ R-06 Scavenger inserts Sml. Matter Pod into recycling unit. Map ----- +----------------------------------------------------+ | ?????????????????????????????????????????????????? | | ?????????????????????????????????????????????????? | | ?????????????????????????????????????????????????? | | ?????????????????????????????????????????????????? | | ?????????????????????????????????????????????????? | | ?????????????????????????????????????????????????? | | ?????????????????????????????????????????????????? | | ?????????????????????????????????????????????????? | | ?????????????????????????????????????????????????? | | ?????????????????????????????????????????????????? | | ?????????????????????????????????????????????????? | | ?????????????????????????????????????????????????? | | ?????????????????????????????????????????????????? | | ???????"?????????????????????????????????????????? | | ??????T % ??????????????????????????????????????? | | ???????" ??????????????????????????????????????? | | ???????# ??????????????????????????????????????? | | ???????# ??????????????????????????????????????? | | ???????# ?#####??????###########???????????????? | | ???????# ?#"""#??????# #???????????????? | | ???????# ##"Y"######## " " T #???????????????? | | ???????+ % r! # k " #???????????????? | | ???????# ! ;% " #???????????????? | | ???????# ""h % % #???????????????? | | ???????# / "" ; #???????????????? | | ???????#### T" # @ #???????????????? | | ??????????# "" # #???????????????? | | ??????????# "" ###########???????????????? | | ??????????# #?????????????????????????? | | ??????????# #?????????????????????????? | | ?????????## #?????????????????????????? | | ?????##### #?????????????????????????? | | ?????# "" #?????????????????????????? | | ?????# "" #?????????????????????????? | | ?????# "" #?????????????????????????? | | ?????# # #??????????????????????? | | ?????# #???????????????????????? | | ?????# #### #???????????????????????? | | ?????# #??# #???????????????????????? | | ??#### #??# # #???????????????????????? | | ?##! #??# #?????????????????????????? | | ?#! #??# #?????????????????????????? | | ?#! #??# #?????????????????????????? | | ?#! #??##### ## #?????????????????????????? | | ?#! #??????? ? #?????????????????????????? | | ?##! #??????? #?#+###?????????????????????????? | | ??#### #???????###???????????????????????????????? | | ?????# #?????????????????????????????????????????? | | ?????# #??????####???????????????????????????????? | | ?????# #?????? !!#???????????????????????????????? | +----------------------------------------------------+ Best States ------------- Heat Dissipation 41 Energy Generation 19 Energy Capacity 265 Matter Stores 300 Matter Capacity 300 Sight Range 16 Terrain Scan Density 10 Evasion (%) 55 Targeting Accuracy 5 Item Schematics ----------------- None Robot Schematics ------------------ None Fabricated ------------ Nothing Repaired ---------- Nothing Studied --------- None Alien Tech Used ----------------- None Achievements -------------- For Emergencies Only Ghost 'Em Challenges ------------ None Game ------ Seed GravitonCryofiberExtractor Manual? 0 Play Time 00:34:19 Cumulative 2.6 hours Start 2025.11.09 @ 12:59:24 End 2025.11.09 @ 15:13:01 Sessions 1 Manual Loads 0 Difficulty Rogue Special Mode None Game No. 5 Rogue 5 Adventurer 0 Explorer 0 Win Type - Total 0 Types 0/0/0/0/0/0/0/0/0/0 Lore% 1 Gallery% 3 Achievement% 4 Wizard Run 0 Options --------- Layout 0 ASCII 0 Keyboard 0 Movement Mouse Keybinds 0 Fullscreen 1 Font 12/Smallcaps Map View 38x28 Zoom Use 98% Tactical HUD 1 Map Filters NONE Filters NONE Steam SD RUN: 519fa455-0ffb-4074-82f9-946633627870